 Dungeon Crawl Stone Soup version 0.26.1-11-gd32895ea62 (webtiles) character file.

Game seed: 1637752576445009870

98410 dtburroughs the Cleaver (level 15, 0/139 HPs)
             Began as a Minotaur Berserker on July 9, 2021.
             Was the Champion of Trog.
             Slain by a harpy (shapeshifter) (5 damage)
             ... on level 15 of the Dungeon.
             The game lasted 01:15:06 (30532 turns).

dtburroughs the Cleaver (Minotaur Berserker)       Turns: 30532, Time: 01:15:06

Health: 0/139      AC: 24    Str: 24    XL:     15   Next: 74%
Magic:  14/14      EV: 10    Int:  8    God:    Trog [******]
Gold:   1763       SH: 25    Dex: 10    Spells: 14/14 levels left

rFire    + + .     SeeInvis +   V - +9 broad axe (vorpal)
rCold    + . .     Faith    .   Z - +2 tower shield of Kovoyxiy {rF+ rC+}
rNeg     . . .     Spirit   .   Y - +3 plate armour {Will+}
rPois    .         Reflect  +   (helmet restricted)
rElec    .         Harm     .   G - +2 cloak
rCorr    .         Rampage  .   (no gloves)
Will     ++...                  U - +0 pair of boots
Stlth    ..........             h - amulet of reflection
HPRegen  0.33/turn              p - ring of protection from fire
MPRegen  0.14/turn              H - ring of see invisible

@: marked, studying Maces & Flails
A: retaliatory headbutt, horns 2
a: Renounce Religion, Berserk, Trog's Hand, Brothers in Arms


You were on level 15 of the Dungeon.
You worshipped Trog.
Trog was exalted by your worship.
You visited 2 branches of the dungeon, and saw 21 of its levels.
You also visited: Gauntlet.

You collected 1763 gold pieces.

Inventory:

Hand Weapons
 x - the +2 broad axe "Didin" {freeze, rC+ Str-4 Dex+8 Stlth+}
   (You found it on level 10 of the Dungeon)

   It has been specially enchanted to freeze those struck by it, causing extra
   injury to most foes and up to half again as much damage against particularly
   susceptible opponents.
   It can also slow down cold-blooded creatures.
   It affects your strength (-4).
   It affects your dexterity (+8).
   It protects you from cold.
   It makes you more stealthy.
 T - a +3 broad axe of flaming
 V - a +9 vorpal broad axe (weapon)
 X - the +8 morningstar of Discretion {venom, +Inv rPois Str+5}
   (You took it off a minotaur in a Gauntlet)

   It poisons the flesh of those it strikes.
   It affects your strength (+5).
   It protects you from poison.
   It lets you turn invisible.
Armour
 G - a +2 cloak (worn)
 S - the +0 plate armour of the Shrikes {rPois rF- MP+9}
   (You found it on level 12 of the Dungeon)

   It makes you vulnerable to fire.
   It protects you from poison.
   It affects your magic capacity (+9).
 U - a +0 pair of boots (worn)
 Y - a +3 plate armour of willpower (worn)
 Z - the +2 tower shield of Kovoyxiy (worn) {rF+ rC+}
   (You took it off a minotaur in a Gauntlet)

   It protects you from fire.
   It protects you from cold.
Jewellery
 h - an amulet of reflection (around neck)
 p - a ring of protection from fire (left hand)
 y - an uncursed ring of protection from cold
 z - an uncursed ring of protection from fire
 D - an uncursed ring of ice
 H - a ring of see invisible (right hand)
 K - an uncursed ring of flight
 R - an uncursed ring of willpower
Wands
 a - a wand of acid (44)
 j - a wand of enslavement (19)
 l - a wand of random effects (36)
 r - a wand of digging (11)
 F - a wand of iceblast (8)
 P - a wand of disintegration (12)
Scrolls
 b - 2 scrolls of summoning
 e - a scroll of vulnerability {unknown}
 f - 4 scrolls of magic mapping
 i - 8 scrolls of remove curse
 k - 6 scrolls of fear
 o - 5 scrolls of identify
 q - 11 scrolls of teleportation
 w - a scroll of brand weapon {unknown}
 C - 3 scrolls of immolation
 I - 3 scrolls of blinking
 O - a scroll of holy word {unknown}
 Q - 3 scrolls of fog
Potions
 c - 3 potions of mutation
 g - 2 potions of haste
 m - a potion of cancellation
 n - 7 potions of attraction
 s - a potion of might
 u - 2 potions of flight
 v - 7 potions of curing
 A - 3 potions of invisibility
 B - 3 potions of ambrosia
 E - a potion of lignification
 M - a potion of resistance
Books
 J - a manual of Maces & Flails
Miscellaneous
 t - a phial of floods
 L - a lightning rod (4/4)
 W - a box of beasts


   Skills:
 + Level 14.5 Fighting
 + Level 14.6 Axes
 + Level 14.4 Armour
 + Level 13.3 Dodging
 + Level 11.4 Shields
 + Level 11.0 Evocations


You had 14 spell levels left.
You didn't know any spells.
Your spell library was empty.

Dungeon Overview and Level Annotations

Branches:
Dungeon (15/15)            Temple (0/1) D:6            Lair (6/6) D:10
 Shoals (0/4) Lair:4        Snake (0/4) Lair:4        Slime (0/5) Lair:5
    Orc (0/2) D:11         Vaults (0/5) D:13        Gauntlet (visited)
 Depths: D:15

Altars:
Fedhas
Kikubaaqudgha
Okawaru
Wu Jian
Xom
Zin
The Shining One
Beogh

Shops:
D:4 :

Portals:
Abyss: Lair:6

Annotations:
Lair:5 3 runed translucent doors, Benwarutz's ghost, journeyman HOFi
Lair:6 2 transporters, jlumianski's ghost, journeyman GnWr


Innate Abilities, Weirdness & Mutations

You reflexively headbutt those who attack you in melee.
You have a pair of horns on your head.


Message History

You block the meliai's attack. You block the harpy's attack. x2
The meliai invokes the aid of its god against you.
Something smites you!
* * * LOW HITPOINT WARNING * * *
You block the harpy's attack. The harpy claws you but does no damage.
The meliai invokes the aid of its god against you.
Something smites you!
* * * LOW HITPOINT WARNING * * *
There is a stone staircase leading up here.
You feel better. You block the harpy's attack. x2
The meliai calls down the wrath of its god upon you.
Something smites you!
* * * LOW HITPOINT WARNING * * *
The meliai mumbles some strange prayers to its god against you.
Something smites you!
* * * LOW HITPOINT WARNING * * *
You block the bullfrog's attack. You block the harpy's attack.
The harpy claws you.
You die...

≈≈≈≈≈≈≈≈≈≈≈.........#####
≈≈≈≈≈≈≈≈≈≈≈..(........##
≈≈≈≈≈≈≈≈≈≈≈)...........##
8u≈≈≈≈≈≈≈≈8Z..9.........##
.........................#
.........Z........#....###
................###....#
......(u....y..Zy##..##...#
##........u...yH@##...#)...
#..####.......F..#..###...
## #.........##........
###...#..........##.
#######...###### #####


You could see a green ugly thing, a harpy, a gargoyle, 3 meliai, a bullfrog, a
harpy zombie, a centaur warrior zombie and a centaur warrior skeleton.

Vanquished Creatures
  Kirke (D:12)
  A minotaur (Gauntlet)
  Snorg (Lair:4)
  5 vault guards (D:13)
  2 boulder beetles
  12 hydras
  An ice dragon (D:10)
  A catoblepas (Lair:6)
  3 centaur warriors
  2 two-headed ogres
  An alligator (Lair:6)
  A hell hog (Gauntlet)
  6 death yaks (Lair:5)
  3 skeletal warriors (D:14)
  3 unseen horrors
  A deep elf archer (D:13)
  4 ugly things
  A deep elf mage (D:12)
  2 orc sorcerers (D:13)
  2 cyclopes
  2 wolf spiders (Lair:6)
  2 oklob plants (Lair:5)
  8 elephants
  A guardian serpent (Lair:6)
  10 centaur skeletons
  11 black mambas
  3 torpor snails
  2 gargoyles
  24 cane toads
  A redback zombie (D:14)
  3 rime drakes
  11 komodo dragons
  3 meliai (Gauntlet)
  33 blink frogs
  3 trolls
  6 polar bears
  6 hornets
  Grinder (D:3)
  8 slime creatures
  A spriggan (Lair:6)
  4 redbacks (Lair:6)
  15 wyverns
  A water elemental (D:15)
  3 vampires
  58 yaks
  4 basilisks
  A steam dragon (Lair:2)
  A hog (D:12)
  3 fire bats (Gauntlet)
  4 vampire mosquitoes (D:14)
  26 water moccasins
  2 acid dragons
  Duvessa (D:5)
  A hell hound (Gauntlet)
  11 orc warriors
  8 sky beasts
  9 ice beasts
  3 black bears
  2 necrophages (D:10)
  3 phantoms
  10 ogres
  An eye of draining (D:10)
  30 wolves
  9 centaurs
  2 big kobolds
  22 bullfrogs
  2 gnoll sergeants
  A wyvern zombie (D:10)
  7 scorpions
  Dowan (D:5)
  3 killer bees (D:7)
  23 wights
  3 electric eels
  A howler monkey (D:12)
  A vampire bat (D:6)
  2 centaur zombies
  A hound (shapeshifter) (D:14)
  3 quasits
  A wyvern simulacrum (D:14)
  A bullfrog zombie (D:11)
  7 orc priests
  12 hounds
  7 jellies
  4 bullfrog skeletons
  Jessica (D:3)
  Terence (D:2)
  5 iguanas
  9 orc wizards
  14 worker ants
  2 killer bee zombies
  A hound zombie (D:7)
  A hound skeleton (D:8)
  2 worker ant zombies
  12 gnolls
  16 adders
  2 white imps
  A worker ant simulacrum (D:11)
  An ufetubus (D:10)
  An ooze (D:7)
  An adder skeleton (D:6)
  2 worms
  A dart slug (D:3)
  5 leopard geckos
  63 orcs
  4 ball pythons
  10 bats
  3 bat skeletons (D:6)
  2 bat zombies (D:6)
  11 giant cockroaches
  8 hobgoblins
  9 jackals
  5 quokkas
  5 frilled lizards
  A giant cockroach zombie (D:5)
  8 goblins
  A jackal zombie (D:9)
  20 kobolds
  2 leopard gecko zombies (D:5)
  8 rats
744 creatures vanquished.

Vanquished Creatures (collateral kills)
  4 elephants (Gauntlet)
  A torpor snail (Gauntlet)
  A rime drake (D:10)
  A fire bat (Gauntlet)
  2 hell hounds (Gauntlet)
9 creatures vanquished.

Vanquished Creatures (others)
  3 humans (D:12)
  A howler monkey (D:12)
  A gnoll (D:8)
  A kobold (D:11)
  101 fungi
  134 plants
241 creatures vanquished.

Grand Total: 994 creatures vanquished

Notes
Turn   | Place    | Note
-------+----------+-------------------------------------------
     0 | D:1      | dtburroughs the Minotaur Berserker began the quest for the
                  | Orb.
     0 | D:1      | Reached XP level 1. HP: 19/19 MP: 0/0
   242 | D:1      | Reached XP level 2. HP: 27/27 MP: 1/1
   772 | D:2      | Reached XP level 3. HP: 29/33 MP: 2/2
   966 | D:2      | Reached ** piety under Trog
  1082 | D:2      | Found a shimmering altar of Xom.
  1548 | D:2      | Noticed Terence
  1569 | D:2      | Killed Terence
  1570 | D:2      | Reached XP level 4. HP: 35/41 MP: 3/3
  1635 | D:3      | Noticed Grinder
  2082 | D:3      | Paralysed by Grinder for 6 turns
  2357 | D:3      | Killed Grinder
  2358 | D:3      | Reached skill level 5 in Fighting
  2358 | D:3      | Reached skill level 5 in Axes
  2358 | D:3      | Reached XP level 5. HP: 17/48 MP: 4/4
  2358 | D:3      | Reached XP level 6. HP: 20/56 MP: 5/5
  3098 | D:3      | Noticed Jessica
  3102 | D:3      | Killed Jessica
  3338 | D:3      | Found a glowing golden altar of the Shining One.
  3765 | D:3      | HP: 2/56 [poisoned by a scorpion]
  4098 | D:4      | Found Ruocot's Book Boutique.
  4281 | D:4      | Reached skill level 1 in Evocations
  4281 | D:4      | Reached XP level 7. HP: 41/62 MP: 6/6
  4430 | D:4      | Reached skill level 5 in Armour
  5092 | D:5      | Entered Level 5 of the Dungeon
  5359 | D:5      | Reached skill level 5 in Dodging
  5470 | D:5      | Reached *** piety under Trog
  5931 | D:5      | Noticed Dowan
  5961 | D:5      | Killed Dowan
  5962 | D:5      | Reached XP level 8. HP: 66/71 MP: 7/7
  5985 | D:5      | Noticed Duvessa
  6004 | D:5      | Killed Duvessa
  6064 | D:6      | Noticed a hornet
  6072 | D:5      | Paralysed by a hornet for 3 turns
  6077 | D:5      | Killed a hornet
  6867 | D:6      | Reached XP level 9. HP: 47/77 MP: 8/8
  7710 | D:6      | Found a staircase to the Ecumenical Temple.
  7964 | D:6      | Found an ancient bone altar of Kikubaaqudgha.
  8801 | D:7      | Found an ornate altar of the Wu Jian Council.
  9000 | D:7      | Reached **** piety under Trog
  9434 | D:8      | Found a glowing golden altar of the Shining One.
  9434 | D:8      | Found a blossoming altar of Fedhas.
  9435 | D:8      | Found an iron altar of Okawaru.
  9513 | D:8      | Reached skill level 5 in Evocations
  9601 | D:8      | Reached XP level 10. HP: 82/90 MP: 9/9
  9644 | D:8      | Found a glowing silver altar of Zin.
  9836 | D:8      | Noticed an unseen horror
  9849 | D:8      | Killed an unseen horror
 10900 | D:9      | Noticed a boulder beetle
 11297 | D:9      | Killed a boulder beetle
 11781 | D:10     | Entered Level 10 of the Dungeon
 12140 | D:10     | Noticed an ice dragon
 12167 | D:10     | Killed an ice dragon
 12168 | D:10     | Reached skill level 10 in Fighting
 12168 | D:10     | Reached skill level 10 in Axes
 12168 | D:10     | Reached XP level 11. HP: 78/99 MP: 10/10
 12596 | D:10     | Reached skill level 1 in Shields
 12631 | D:10     | Got the broad axe "Didin" {freeze}
 12632 | D:10     | Identified the cursed +2 broad axe "Didin" {freeze, rC+
                  | Str-4 Dex+8 Stlth+} (You found it on level 10 of the
                  | Dungeon)
 12662 | D:10     | Reached skill level 10 in Armour
 13289 | D:10     | Found a staircase to the Lair.
 13307 | D:10     | You fall into a shaft and drop 3 floors!
 13683 | D:12     | Noticed Kirke
 13684 | D:12     | Noticed a centaur warrior
 13744 | D:12     | Killed a centaur warrior
 14248 | D:11     | Reached ***** piety under Trog
 14370 | D:11     | Found a roughly hewn altar of Beogh.
 14370 | D:11     | Found a staircase to the Orcish Mines.
 14377 | D:11     | Noticed a four-headed hydra
 14636 | D:10     | Killed a four-headed hydra
 14810 | D:11     | Reached XP level 12. HP: 88/101 MP: 11/11
 15197 | D:11     | Received a gift from Trog
 15513 | D:11     | Reached skill level 10 in Dodging
 15518 | D:11     | Reached skill level 5 in Shields
 15855 | Lair:1   | Entered Level 1 of the Lair of Beasts
 16142 | Lair:1   | Noticed a four-headed hydra
 16157 | Lair:1   | Killed a one-headed hydra
 18089 | Lair:2   | Noticed a six-headed hydra
 18097 | Lair:2   | Killed a three-headed hydra
 18839 | Lair:3   | Reached XP level 13. HP: 108/117 MP: 12/12
 18954 | Lair:3   | Received a gift from Trog
 19108 | Lair:3   | Found a gate leading to a gauntlet.
 19117 | Gauntlet | Entered a Gauntlet
 19117 | Gauntlet | Found a transporter.
 19117 | Gauntlet | Found a transporter.
 19134 | Gauntlet | Found a transporter.
 19151 | Gauntlet | Found a transporter.
 19151 | Gauntlet | Found a transporter.
 19151 | Gauntlet | Found a transporter.
 19155 | Gauntlet | Found a transporter.
 19157 | Gauntlet | Found a transporter.
 19168 | Gauntlet | Found a transporter.
 19184 | Gauntlet | Found a transporter.
 19202 | Gauntlet | Found a runed translucent door.
 19204 | Gauntlet | Found a transporter.
 19206 | Gauntlet | Found the macabre finger necklace {rN+}
 19206 | Gauntlet | Found a runed translucent door.
 19209 | Gauntlet | Found a transporter.
 19376 | Gauntlet | Found the ring of the Tortoise {AC+8}
 19377 | Gauntlet | Found a transporter.
 19398 | Gauntlet | Found a transporter.
 20173 | Gauntlet | Identified the +8 morningstar of Discretion {venom, +Inv
                  | rPois Str+5}
 20173 | Gauntlet | Identified the +2 tower shield of Kovoyxiy {rF+ rC+}
 20173 | Gauntlet | Noticed a minotaur
 20189 | Gauntlet | Killed a minotaur
 20206 | Gauntlet | Identified the Disquisition on Changing
 20263 | Gauntlet | Identified the Tome of Transformation
 21046 | Lair:4   | Noticed Snorg
 21106 | Lair:4   | Killed Snorg
 21318 | Lair:4   | Found a staircase to the Shoals.
 21728 | Lair:4   | Found a staircase to the Snake Pit.
 22749 | Lair:5   | Reached XP level 14. HP: 94/127 MP: 13/13
 23089 | Lair:5   | Found a staircase to the Slime Pits.
 23223 | Lair:5   | Found an iron altar of Okawaru.
 23375 | Lair:5   | Found a runed translucent gate.
 23376 | Lair:5   | Found a runed translucent gate.
 23380 | Lair:5   | Found a runed translucent gate.
 24687 | Lair:5   | Noticed Benwarutz's ghost (journeyman HOFi)
 24843 | Lair:6   | Entered Level 6 of the Lair of Beasts
 24987 | Lair:6   | Received a gift from Trog
 25203 | Lair:6   | Reached skill level 10 in Evocations
 25411 | Lair:6   | Reached skill level 10 in Shields
 26117 | Lair:6   | Found the ring of the Hare {EV+8}
 26123 | Lair:6   | Found a transporter.
 26136 | Lair:6   | Found a transporter.
 26154 | Lair:6   | Found a one-way gate to the infinite horrors of the Abyss.
 26154 | Lair:6   | Noticed jlumianski's ghost (journeyman GnWr)
 26541 | Lair:6   | Identified the +12 dagger "Suemn" {distort, *Corrode rN+++
                  | Int+3 Dex+3}
 26587 | Lair:6   | Reached XP level 15. HP: 137/137 MP: 14/14
 27466 | D:12     | Killed Kirke
 27629 | D:12     | Received a gift from Trog
 27664 | D:12     | Got a twisted plate armour
 27675 | D:12     | Identified the cursed +0 plate armour of the Shrikes {rPois
                  | rF- MP+9} (You found it on level 12 of the Dungeon)
 28523 | D:13     | Found a gate to the Vaults.
 28736 | D:13     | Reached ****** piety under Trog
 28762 | D:13     | Found an iron altar of Okawaru.
 29616 | D:14     | Received a gift from Trog
 30425 | D:15     | Entered Level 15 of the Dungeon
 30532 | D:15     | HP: 5/139 [meliai/divine providence (11)]
 30532 | D:15     | Slain by a harpy (shapeshifter)

Illustrated notes

Levels and vault maps discovered:
D:1:      lemuel_arrival_behind_the_door_small, layout_loops_ring
D:2:      layout_loops_cross, xom_butterflies, uniq_terence
D:3:      layout_basic, serial_bayou_pond_d, tso_altar, uniq_jessica,
          uniq_grinder
D:4:      black_bear_nest_2, layout_gridville, serial_shops, shop
D:5:      layout_rooms, uniq_duvessa
D:6:      layout_loops_ring, kennysheep_vampire_church,
          minmay_temple_entry_stoned_glass, grunt_ministairs_10
D:7:      layout_cave_pools, lemuel_round_altar, minmay_manual_monstrance
D:8:      layout_basic, overflow_temple_1_default,
          chequers_temple_overflow_statue_of_worship, due_unseen_surprise
D:9:      layout_loops_ring, nzn_sisyphean_effort
D:10:     minmay_coctagon, layout_rooms, due_lair_maze_entry_diamond
D:11:     layout_gridville, david_orc_5, enter_bailey_5,
          minmay_mirror_moons_of_madness
D:12:     layout_basic, uniq_kirke
D:13:     layout_stronghold, grunt_vaults_entry_fortified, basic_altar,
          nicolae_twisting_strands
D:14:     layout_irregular_city, amcnicky_mini_rare_corridor_liquid
D:15:     grunt_enter_depths_hoard, layout_cave_pools, minivault_25,
          serial_park, serial_park_square3 [serial_park_minivault_5x5_1],
          serial_park_fountain, serial_park_tiny_1, minivault_20,
          evilmike_minifort, uniq_agnes
Lair:1:   layout_loops_ring, serial_bayou_shore_a
Lair:2:   layout_gridlike, grunt_megastairs_2
Lair:3:   wander_river, layout_regular_city, gauntlet_entry_generic
Lair:4:   layout_regular_city, minmay_shoals_entry_centaurs,
          minmay_snake_entry_six_corridors, uniq_snorg
Lair:5:   layout_roguey, minmay_slime_entry_pillars, basic_altar,
          gammafunk_ghost_necromancy, beast_lair_carwin_4,
          minmay_lair_oklob_chamber
Lair:6:   hangedman_lair_tendril_chambers, layout_gridlike,
          gammafunk_ghost_abyssal_escape, grunt_forest_large_clearing_hut

Skill      XL: |  1  2  3  4  5  6  7  8  9 10 11 12 13 14 15 |
---------------+----------------------------------------------+-----
Axes           | 4 5 6 7 8 10 11 12 13 14 | 14.6
Fighting       | 4 5 6 7 8 10 11 12 13 14 | 14.5
Armour         | 3 4 5 6 8 9 10 11 12 13 14 | 14.4
Dodging        | 3 4 5 6 7 8 9 10 11 12 13 | 13.3
Evocations     | 1 2 3 5 6 7 8 9 10 11 | 11.0
Shields        | 4 7 8 10 11 | 11.4

Action                   |  1- 3 |  4- 6 |  7- 9 | 10-12 | 13-15 || total
-------------------------+-------+-------+-------+-------+-------++-------
Melee: Hand axe          |   111 |    66 |       |       |       ||   177
       Headbutt          |    16 |    11 |    51 |   168 |   231 ||   477
       War axe           |       |    31 |   341 |   263 |    11 ||   646
       Broad axe         |       |       |       |   495 |   394 ||   889
       Flail             |       |       |       |    10 |       ||    10
       Morningstar       |       |       |       |       |   631 ||   631
Invok: Trog's Hand       |     1 |     3 |     4 |     3 |     3 ||    14
       Berserk           |       |     1 |     3 |     1 |     1 ||     6
       Brothers in Arms  |       |       |       |     1 |     3 ||     4
  Use: Scroll            |       |     1 |     9 |    10 |    25 ||    45
       Potion            |       |       |       |     3 |    10 ||    13
Armor: Ring mail         |    53 |    22 |   111 |       |       ||   186
       Plate armour      |       |       |    46 |   386 |   387 ||   819
Dodge: Dodged            |    88 |    57 |   228 |   294 |   260 ||   927
Block: Other             |       |     7 |   107 |    51 |       ||   165
       Reflection        |       |       |     7 |    39 |    53 ||    99
       Kite shield       |       |       |       |   461 |   122 ||   583
       Tower shield      |       |       |       |       |  1342 ||  1342
